 Dungeon Crawl Stone Soup version 0.31-a0-1603-gbec6b6ccbf (webtiles) character file.

Game seed: 15655312350109753067

3988656 hikkokomori the Acrobat (level 27, 202/202 HPs)
             Began as a Gnoll Alchemist on Jan 7, 2024.
             Was an Initiate of Gozag.
             Escaped with the Orb
             ... and 6 runes
             ... and 1 gem!
             The game lasted 05:04:25 (77540 turns).

hikkokomori the Acrobat (Gnoll Alchemist)          Turns: 77540, Time: 05:04:26

Health: 202/202    AC: 39    Str: 19 (20) XL:     27
Magic:  47/47      EV: 27    Int: 23      God:    Gozag
Gold:   2404       SH: 17    Dex: 23      Spells: 7/67 levels left

rFire   + + .        W - +3 greatsling "Punk" {acid, rCorr}
rCold   + + .        G - +0 kite shield {reflect}
rNeg    + + .        N - +9 ice dragon scales
rPois   +            y - +1 hat "Omu Fybb" {rPois Str+5 Int-3 SInv}
rElec   +            q - +0 cloak "Peusymui" {rN++ Regen+ Dex-2 Slay+3}
rCorr   +            f - +4 pair of gloves of Uskayaw's Castigation {Rampage}
SInv    +            P - +2 pair of boots
Will    ++...        R - amulet of the Air {Inacc Air Fly rElec RMsl}
Stlth   ++           h - ring "Kuerydu" {^Drain rPois rF+++ rCorr Dex+6}
HPRegen 1.33/turn    n - ring of Ogudikk {*Slow rPois Str+5 Int+6 Slay+5}
MPRegen 0.30/turn

%: inaccuracy (-5), random rage (3%), slow self (1%), repel missiles,
reflection, rampage
@: flying, studying 3 skills
A: fangs 1, strong nose, distributed training, berserk 1, deterioration 2, frail
1, persistent drain
0: Orb of Zot
}: 6/15 runes: serpentine, barnacled, slimy, silver, demonic, glowing
a: Renounce Religion, Potion Petition, Call Merchant, Bribe Branch


You escaped.
You worshipped Gozag.
Gozag was most pleased with you.
You visited 13 branches of the dungeon, and saw 57 of its levels.
You visited Pandemonium 1 time, and saw 4 of its levels.
You also visited: Trove, Gauntlet, Ice Cave and Desolation.

You collected 36235 gold pieces.
You spent 18521 gold pieces at shops.
You paid 15310 gold pieces to Gozag.

Inventory:

Hand Weapons
 z - a +5 eudemon blade of holy wrath
 O - the +10 morningstar "Eos" {elec, Halo rElec}
   (You found it on level 5 of the Pits of Slime)

   Halo:      It grants its wielder a halo, revealing invisible creatures and
   increasing accuracy against all within it other than the wielder.
   rElec:     It insulates you from electricity.
 W - the +3 greatsling "Punk" (weapon) {acid, rCorr}
   (You bought it in a shop on level 9 of the Dungeon)

   rCorr:     It protects you from acid and corrosion.
 Z - a +9 hand cannon of draining
Missiles
 l - 10 throwing nets
Armour
 e - the +0 tower shield of Minean {Rampage rC+}
   (You took it off a daeva on level 1 of the Depths)

   rC+:       It protects you from cold.
   Rampage:   It bestows one free step when moving towards enemies.
 f - the +4 pair of gloves of Uskayaw's Castigation (worn) {Rampage}
   (You bought it in a shop on level 1 of the Depths)

   Rampage:   It bestows one free step when moving towards enemies.
 j - the quicksilver dragon scales "Meeth" {rPois Will+ rCorr MP+9}
   (You bought it in a shop on level 1 of the Vaults)

   rPois:     It protects you from poison Will+: It increases your willpower.
   MP+9:      It affects your magic capacity (+9).
   rCorr:     It protects you from acid and corrosion.
 q - the +0 cloak "Peusymui" (worn) {rN++ Regen+ Dex-2 Slay+3}
   (You found it in a Gauntlet)

   Dex-2:     It affects your dexterity (-2).
   Slay+3:    It affects your accuracy & damage with ranged weapons and melee
   (+3).
   rN++:      It greatly protects you from negative energy.
   Regen+:    It increases your rate of health regeneration.
 y - the +1 hat "Omu Fybb" (worn) {rPois Str+5 Int-3 SInv}
   (You bought it in a shop on level 2 of the Lair of Beasts)

   Str+5:     It affects your strength (+5).
   Int-3:     It affects your intelligence (-3).
   rPois:     It protects you from poison SInv: It lets you see invisible.
 G - a +0 kite shield of reflection (worn)
 N - +9 ice dragon scales (worn)
 P - a +2 pair of boots (worn)
Jewellery
 c - the ring "Vaneneed" {rN++ Will+ rCorr AC+4 Str-3}
   (You took it off a yaktaur captain on level 5 of the Vaults)

   [ring of protection]

   AC+4:      It affects your AC (+4).
   Str-3:     It affects your strength (-3).
   rN++:      It greatly protects you from negative energy.
   Will+:     It increases your willpower.
   rCorr:     It protects you from acid and corrosion.
 h - the ring "Kuerydu" (left hand) {^Drain rPois rF+++ rCorr Dex+6}
   (You bought it in a shop on level 2 of the Orcish Mines)

   [ring of dexterity]

   Dex+6:     It affects your dexterity (+6).
   rF+++:     It renders you almost immune to fire.
   rPois:     It protects you from poison rCorr: It protects you from acid and
   corrosion.
   ^Drain:    It drains your maximum health when unequipped.
 n - the ring of Ogudikk (right hand) {*Slow rPois Str+5 Int+6 Slay+5}
   (You bought it in a shop on level 2 of the Lair of Beasts)

   [ring of intelligence]

   Str+5:     It affects your strength (+5).
   Int+6:     It affects your intelligence (+6).
   Slay+5:    It affects your accuracy & damage with ranged weapons and melee
   (+5).
   rPois:     It protects you from poison *Slow: It may slow you when you take
   damage.
 s - the ring "Luoboeg" {rElec rPois Will+ Stlth+}
   (You found it in a Gauntlet)

   [ring of willpower]

   rElec:     It insulates you from electricity.
   rPois:     It protects you from poison Will+: It increases your willpower.
   Stlth+:    It makes you more stealthy.
 t - the ring of Equilibrium {rN++ Slay+4 Stlth+}
   (You found it in a treasure trove)

   [ring of slaying]

   Slay+4:    It affects your accuracy & damage with ranged weapons and melee
   (+4).
   rN++:      It greatly protects you from negative energy.
   Stlth+:    It makes you more stealthy.
 M - a ring of fire
 R - the amulet of the Air (around neck) {Inacc Air Fly rElec RMsl}
   (You bought it in a shop on level 2 of the Lair of Beasts)

   [amulet of nothing]

   Inacc:     It reduces the accuracy of your attacks and spells.
   Air:       It enhances your air magic.
   rElec:     It insulates you from electricity.
   Fly:       It grants you flight.
   RMsl:      It protects you from missiles.
 T - the amulet of Dabaliy {Reflect +Blink rC+ Str+2 SH+5 Stlth+}
   (You bought it in a shop on level 1 of the Depths)

   [amulet of reflection]

   Reflect:   It reflects blocked missile attacks.
   Str+2:     It affects your strength (+2).
   rC+:       It protects you from cold.
   +Blink:    It lets you blink.
   SH+5:      It affects your SH (+5).
   Stlth+:    It makes you more stealthy.
Wands
 v - a wand of mindburst (49)
 w - a wand of charming (79)
 H - a wand of digging (4)
 J - a wand of acid (29)
 K - a wand of iceblast (66)
Scrolls
 b - 8 scrolls of enchant weapon
 g - 23 scrolls of teleportation
 i - 5 scrolls of butterflies
 x - a scroll of immolation
 A - 6 scrolls of blinking
 D - 9 scrolls of fear
 E - a scroll of fog
 F - 2 scrolls of revelation
 L - 6 scrolls of amnesia
 U - 5 scrolls of brand weapon
Potions
 a - a potion of lignification
 d - 9 potions of brilliance
 k - 3 potions of resistance
 m - 2 potions of curing
 p - 11 potions of heal wounds
 r - 14 potions of might
 B - 4 potions of ambrosia
 I - 7 potions of invisibility
 Q - 5 potions of mutation
 S - 5 potions of haste
 V - 6 potions of cancellation
 X - 7 potions of enlightenment
 Y - 6 potions of magic
Miscellaneous
 o - a phantom mirror
 u - a lightning rod (4/4)
 C - a phial of floods


   Skills:
 + Level 20.3 Fighting
 + Level 20.3 Short Blades
 + Level 21.8 Long Blades
 + Level 20.3 Axes
 + Level 20.3 Maces & Flails
 + Level 20.3 Polearms
 + Level 20.3 Staves
 + Level 20.3 Ranged Weapons
 + Level 20.3 Throwing
 + Level 20.3 Armour
 + Level 25.0 Dodging
 + Level 20.7 Stealth
 + Level 20.3 Shields
 + Level 24.6 Unarmed Combat
 + Level 20.8 Spellcasting
 + Level 17.5 Conjurations
 + Level 17.4 Hexes
 + Level 17.4 Summonings
 + Level 17.4 Necromancy
 + Level 17.4 Translocations
 + Level 17.4 Fire Magic
 + Level 17.4 Ice Magic
 + Level 17.4 Air Magic
 + Level 17.4 Earth Magic
 + Level 18.1 Alchemy
 + Level 22.0 Invocations
 + Level 20.3 Evocations
 + Level 18.8 Shapeshifting


You had 7 spell levels left.
You knew the following spells:

 Your Spells              Type           Power      Damage    Failure   Level
a - Passwall              Erth           81%        N/A       0%          3
b - Mephitic Cloud        Conj/Alch/Air  100%       N/A       0%          3
c - Olgreb's Toxic Radia  Alch           82%        N/A       1%          4
d - Blink                 Tloc           100%       N/A       0%          2
e - Summon Forest         Summ/Tloc      40%        N/A       1%          5
f - Yara's Violent Unrav  Hex/Alch       41%        3d16      1%          5
g - Maxwell's Capacitive  Air            51%        ∞         26%         8
h - Swiftness             Air            100%       N/A       0%          3
i - Borgnjor's Vile Clut  Necr/Erth      40%        N/A       1%          5
j - Death Channel         Necr           40%        N/A       1%          6
k - Irradiate             Conj/Alch      41%        3d25      1%          5
l - Ignite Poison         Fire/Alch      82%        N/A       1%          4
m - Enfeeble              Hex            40%        N/A       3%          7

Your spell library contained the following spells:

 Spells                   Type           Power      Damage    Failure   Level
 Apportation              Tloc           100%       N/A       0%          1
 Necrotise                Necr           100%       1d9       0%          1
 Slow                     Hex            100%       N/A       0%          1
 Sting                    Conj/Alch      100%       1d9       0%          1
 Summon Small Mammal      Summ           100%       N/A       0%          1
 Call Imp                 Summ           100%       N/A       0%          2
 Cigotuvi's Dreadful Rot  Necr/Alch/Air  100%       N/A       0%          2
 Ensorcelled Hibernation  Hex/Ice        100%       N/A       0%          2
 Jinxbite                 Hex            100%       N/A       0%          2
 Lesser Beckoning         Tloc           100%       N/A       0%          2
 Mercury Vapours          Alch/Air       100%       N/A       0%          2
 Momentum Strike          Conj/Tloc      100%       3d10      0%          2
 Scorch                   Fire           100%       2d9       0%          2
 Sublimation of Blood     Necr           81%        N/A       0%          2
 Call Canine Familiar     Summ           81%        N/A       0%          3
 Confusing Touch          Hex            81%        N/A       0%          3
 Dazzling Flash           Conj/Hex       100%       N/A       0%          3
 Hailstorm                Conj/Ice       81%        3d14      0%          3
 Inner Flame              Hex/Fire       81%        N/A       0%          3
 Ozocubu's Armour         Ice            81%        N/A       0%          3
 Sigil of Binding         Hex            81%        N/A       0%          3
 Stone Arrow              Conj/Erth      100%       3d13      0%          3
 Summon Ice Beast         Ice/Summ       81%        N/A       0%          3
 Tukima's Dance           Hex            81%        N/A       0%          3
 Vampiric Draining        Necr           81%        2d11      0%          3
 Volatile Blastmotes      Fire/Tloc      100%       2d18      0%          3
 Anguish                  Hex/Necr       40%        N/A       1%          4
 Animate Armour           Summ/Erth      100%       N/A       1%          4
 Brom's Barrelling Bould  Conj/Erth      81%        2d9       1%          4
 Cause Fear               Hex            40%        N/A       1%          4
 Dimensional Bullseye     Hex/Tloc       40%        N/A       1%          4
 Dispel Undead            Necr           81%        3d26      1%          4
 Flame Wave               Conj/Fire      81%        2d18      1%          4
 Leda's Liquefaction      Alch/Erth      41%        N/A       1%          4
 Manifold Assault         Tloc           81%        N/A       1%          4
 Martyr's Knell           Necr/Summ      81%        N/A       1%          4
 Passage of Golubria      Tloc           81%        N/A       1%          4
 Sticky Flame             Fire/Alch      82%        2d13      1%          4
 Vhi's Electric Charge    Tloc/Air       100%       N/A       1%          4
 Alistair's Intoxication  Alch           54%        N/A       1%          5
 Arcjolt                  Conj/Air       51%        1d61      1%          5
 Curse of Agony           Necr           81%        N/A       1%          5
 Fireball                 Conj/Fire      40%        3d16      1%          5
 Iskenderun's Battlesphe  Conj           81%        2d13      1%          5
 Lee's Rapid Deconstruct  Erth           40%        3d20*     1%          5
 Metabolic Englaciation   Hex/Ice        40%        N/A       1%          5
 Silence                  Hex/Air        51%        N/A       1%          5
 Summon Mana Viper        Hex/Summ       81%        N/A       1%          5
 Bombard                  Conj/Erth      40%        9d7       1%          6
 Conjure Ball Lightning   Conj/Air       51%        3x3d18    1%          6
 Eringya's Noxious Bog    Alch           41%        4d6       1%          6
 Sculpt Simulacrum        Ice/Alch       41%        N/A       1%          6
 Starburst                Conj/Fire      40%        6d12      1%          6
 Summon Cactus Giant      Summ           40%        N/A       1%          6
 Orb of Destruction       Conj           40%        9d11      3%          7
 Ozocubu's Refrigeration  Ice            40%        4d16      3%          7
 Summon Hydra             Summ           40%        N/A       3%          7
 Ignition                 Fire           40%        3d12      26%         8
 Lehudib's Crystal Spear  Conj/Erth      40%        10d10     26%         8
 Summon Horrible Things   Summ           40%        N/A       26%         8
 Dragon's Call            Summ           40%        N/A       99%         9
 Polar Vortex             Ice            40%        12d5*     99%         9
 Animate Dead             Necr           Unusable   N/A       N/A         4

Dungeon Overview and Level Annotations

Branches:
Dungeon (15/15)            Temple (1/1) D:6            Lair (5/5) D:11
 Shoals (4/4) Lair:2        Snake (4/4) Lair:3        Slime (5/5) Lair:5
    Orc (2/2) D:10            Elf (3/3) Orc:2        Vaults (5/5) D:13
  Crypt (3/3) Vaults:3       Tomb (0/3) Crypt:3      Depths (4/4) D:15
   Hell (visited)             Zot (5/5) Depths:4      IceCv (visited)
Desolation (visited)      Gauntlet (visited)
    Dis: Hell:1         Geh: Hell:1         Coc: Hell:1         Tar: Hell:1

Altars:
Ashenzari
Cheibriados
Dithmenos
Elyvilon
Fedhas
Gozag
Hepliaklqana
Kikubaaqudgha
Makhleb
Nemelex Xobeh
Okawaru
Qazlal
Ru
Sif Muna
Trog
Uskayaw
Vehumet
Wu Jian
Xom
Yredelemnul
Zin
The Shining One
Jiyva

Shops:
D:9 *[*   Orc:2 =((?(   Lair:2 *==[   Shoals:1 :   Shoals:3 =(   Shoals:4 **
Snake:1 :=(?*   Slime:5 *   Vaults:1 *   Vaults:2 *([[   Depths:1 =[[*:[

Portals:
Hell: Depths:1 Depths:2 Depths:3 Depths:4
Abyss: Depths:1 Depths:2 Depths:3
Pandemonium: Depths:2 Depths:3
Ziggurat: Depths:2

Annotations:
D:13 2 transporters, Heqer's ghost, journeyman MiFi
Hell Murray


Innate Abilities, Weirdness & Mutations

You have very sharp teeth.
Your uncanny sense of smell can sniff out nearby items.
Your experience applies equally to all skills.
You sometimes lose your temper in combat.
Your body often deteriorates upon taking damage.
You are frail. (-10% HP)
Your health recovers twice as slowly from being drained.


Message History

You reach down and open the door.
There is an open door here.
There is a stone staircase leading up here.
You fly upwards.
A hellephant comes into view.
There is a stone staircase leading down here.
The hellephant moves out of view.
There is a stone staircase leading up here.
You fly upwards.
There is a stone staircase leading down here.
What level of the Dungeon? (default 1, ? - help)
There is a stone staircase leading up, spattered with blood here.
You fly upwards.
There is a stone staircase leading down here.
There is a stone staircase leading up here.
You fly upwards.
There is a stone staircase leading down here.
There is a stone staircase leading up here.
You fly upwards.
There is a stone staircase leading down here.
There is a stone staircase leading up here.
You fly upwards.
There is a stone staircase leading down here.
You see here a +0 short sword.
There is a stone staircase leading up here.
You fly upwards.
There is a stone staircase leading down here.
There is a stone staircase leading up here.
You fly upwards.
There is a stone staircase leading down here.
Aiming: Dig
Press: ? - help, Shift-Dir - straight line A rock wall.
This square is covered in magical glow.
The rock shatters into small pieces.
A reaper comes into view. It is wielding a +1 scythe.
There is a staircase leading out of the dungeon here.
You can't go down here!
Unknown command.
You have escaped!

###########..#..# #....# ####.
..........#.###.# #....# #..
#########>.....># ###### ##.
.......##.....#.## #..
######.##...###..# ##. ..#
#....#...##.###### #.. .##
####.###.........# ##. ## #..#
####.###### #.. #
###.######.@.######## ###.
######...# #...8.8...##..# ###..>
##....)### #.........##..# #.[.#.
#..##### ###.........##..###.##..
..## #......2............###.
..#########...................#..
............#######.##.#.#.##.##.
.#.########## #.##...##.#.#..
##..........#######.####.#.##..#.


You could see a reaper.

Vanquished Creatures
  the Royal Jelly (Slime:5)
  Mnoleg (Pan)
  A dread lich (Zot:5)
  Khufu (Crypt:3)
  Frederick (Vaults:3)
  3 ancient liches
  4 orbs of fire
  Tiamat (Depths:4)
  A juggernaut (Depths:4)
  Josephina (Crypt:3)
  Vv (Depths:3)
  5 Killer Klowns (Zot:5)
  Vashnia (Snake:4)
  A curse toe (Zot:1)
  Geryon (Hell)
  The ghost of Nenuxulire the Struggler, a veteran GnWn of Okawaru (Depths:3)
  A profane servitor (Crypt:3)
  10 golden dragons
  Norris (Vaults:3)
  2 bone dragons
  A Tzitzimitl (Pan)
  2 pandemonium lords (Pan)
  2 electric golems
  16 tentacled monstrosities
  Rupert (Lair:5)
  21 Orb Guardians
  2 liches
  An Ice Fiend (Pan)
  2 Hell Sentinels (Pan)
  A shard shrike skeleton (Crypt:2)
  A walking crystal tome (Depths:4)
  Asterion (Snake:4)
  5 quicksilver dragons
  A kraken (Shoals:4)
  5 deep elf blademasters
  3 death cobs
  A deep elf master archer (Elf:3)
  A walking frostbound tome (Depths:4)
  4 titans (Vaults:5)
  20 acid blobs
  2 sphinxes
  4 ancient champions
  Agnes (Snake:2)
  5 shadow dragons
  3 nagarajas
  Donald (Snake:4)
  Aizul (Snake:1)
  6 tengu reavers
  12 storm dragons
  4 draconian knights
  6 protean progenitors
  4 draconian monks
  5 rockslimes
  7 fire giants
  5 revenants
  9 azure jellies
  2 imperial myrmidons (Desolation)
  A daeva (Depths:1)
  8 deep elf sorcerers
  7 frost giants
  An iron dragon (Vaults:5)
  4 draconian scorchers
  3 draconian shifters
  17 vault wardens
  8 cacodemons
  4 ghost moths
  Louise (Snake:4)
  4 orc warlords
  A shard shrike simulacrum (Crypt:3)
  4 deep elf elementalists (Elf:3)
  7 ghouls
  A demonspawn corrupter (Pan)
  A spriggan defender (Depths:2)
  5 draconian stormcallers (Zot:1)
  4 balrugs
  A caustic shrike zombie (Crypt:2)
  14 stone giants
  10 ironbound preservers
  2 reapers
  9 quicksilver oozes
  3 demonspawn blood saints (Pan)
  5 draconian annihilators
  6 formless jellyfish
  10 ironbound thunderhulks
  18 very ugly things
  4 green draconians
  6 vampire knights
  2 demonspawn black suns (Pan)
  A halazid warlock (Desolation)
  A putrid mouth (Hell)
  8 deep elf death magi
  3 deep elf demonologists
  13 red draconians
  4 deep elf annihilators
  3 black draconians
  9 purple draconians
  3 spark wasps (Depths:4)
  5 lorocyprocas
  12 white draconians
  A minotaur (Gauntlet)
  A war gargoyle (Vaults:1)
  4 eidola
  9 yellow draconians
  Snorg (Orc:2)
  2 ettins
  12 dire elephants
  3 crystal guardians
  3 blizzard demons (Pan)
  2 mummy priests (Crypt:3)
  3 green deaths (Pan)
  7 merfolk javelineers
  18 yaktaur captains
  9 fire dragons
  20 jiangshi
  7 merfolk impalers
  12 great orbs of eyes
  4 ragged hierophants (Desolation)
  A spriggan zombie (Hell)
  2 entropy weavers
  The ghost of Eugor the Eclecticist, a journeyman DECj of Vehumet (Lair:5)
  31 vault guards
  Erolcha (Orc:2)
  A rakshasa (Depths:2)
  9 hydras
  6 peacekeepers
  5 spriggan air magi
  10 anacondas
  6 deep elf high priests
  9 ice dragons
  3 ironbound frosthearts
  3 merfolk avatars
  8 servants of whispers (Desolation)
  A caustic shrike simulacrum (Crypt:3)
  3 ogre magi
  3 salamander tyrants (Snake:4)
  3 death knights
  A boulder beetle (Lair:1)
  5 satyrs
  An alligator (Shoals:4)
  8 centaur warriors
  28 dancing weapons
  6 death yaks (Lair:2)
  11 two-headed ogres
  2 two-headed ogres (shapeshifter)
  2 radroaches (Zot:5)
  5 deep troll shamans
  4 tengu warriors
  8 merfolk aquamancers
  3 hell hogs
  A demonic crawler (Pan)
  9 deep troll earth magi
  9 naga warriors
  8 vampire magi
  2 orc high priests
  10 naga sharpshooters
  6 occultists (D:14)
  8 shock serpents
  7 spriggan berserkers
  19 deep elf knights
  Nergalle (Orc:2)
  9 soul eaters
  A hell knight (Crypt:3)
  11 iron trolls
  5 sun demons
  A fire crab (Shoals:2)
  8 sixfirhies
  4 salamander mystics
  18 sea snakes
  5 shadow wraiths
  A spark wasp zombie (Depths:1)
  6 skysharks
  An anaconda zombie (Crypt:3)
  5 shadow demons (Pan)
  22 skeletal warriors
  27 deep trolls
  A deep troll (shapeshifter) (Vaults:1)
  5 naga ritualists
  A lindwurm (shapeshifter) (Depths:4)
  9 mana vipers
  4 flayed ghosts
  4 bog bodies
  9 deep elf archers
  19 ironbound convokers
  8 arcanists
  10 orc knights
  3 phantasmal warriors
  9 glowing orange brains
  17 harpies
  10 lindwurms
  A bunyip skeleton (Crypt:2)
  20 deep elf zephyrmancers
  34 ugly things
  A wolf spider (Lair:5)
  6 necromancers
  24 deep elf pyromancers
  14 salamanders
  11 orc sorcerers
  An oklob plant (Gauntlet)
  18 fauns
  2 shining eyes
  5 cyclopes
  A frost giant zombie (Depths:1)
  A wolf spider (shapeshifter) (Vaults:5)
  An alligator skeleton (Crypt:1)
  Maurice (D:7)
  15 manticores
  11 vault sentinels
  11 elephants (Lair:3)
  12 naga magi
  A stone giant skeleton (Depths:1)
  8 merfolk sirens
  A meliai (shapeshifter) (Vaults:5)
  3 kobold blastminers (Orc:1)
  13 moths of wrath
  3 water nymphs
  A rust devil (Depths:1)
  A dire elephant zombie (Hell)
  10 guardian serpents
  2 ice statues (IceCv)
  10 smoke demons
  2 eyes of devastation (Slime:5)
  2 centaur skeletons
  38 black mambas
  A mana viper zombie (Crypt:2)
  A hellion (Depths:3)
  6 torpor snails
  A gargoyle (D:13)
  9 large abominations
  An elephant slug zombie (Crypt:2)
  8 orange demons
  12 cane toads
  An alligator snapping turtle skeleton (Crypt:2)
  An unseen horror (D:10)
  An elf zombie (Vaults:3)
  A grey draconian zombie (Crypt:1)
  3 freezing wraiths
  4 kobold demonologists
  An elf skeleton (Vaults:3)
  A cane toad (shapeshifter) (D:13)
  A mana viper skeleton (Crypt:1)
  4 tengu conjurers
  An efreet (D:15)
  7 guardian mummies (Crypt:3)
  10 ice devils
  4 rime drakes
  35 yaktaurs
  An anaconda simulacrum (Hell)
  7 komodo dragons
  A spriggan skeleton (Depths:1)
  3 red devils
  25 merfolk
  A great orb of eyes zombie (Crypt:1)
  18 hornets
  7 trolls
  3 tyrant leeches (Lair:5)
  Prince Ribbit (D:8)
  2 harpy zombies (Hell)
  4 blink frogs (Lair:5)
  53 saltlings (Desolation)
  2 radroach zombies
  13 snapping turtles
  3 dream sheep (Shoals:1)
  8 wind drakes
  6 glass eyes
  An ettin zombie (Vaults:3)
  A stone giant simulacrum (Crypt:3)
  A snapping turtle (shapeshifter) (Vaults:3)
  A jumping spider (Vaults:1)
  A human simulacrum (Vaults:3)
  5 air elementals
  4 centaur simulacra
  72 slime creatures
  9 ynoxinuls (Pan)
  8 spriggans
  6 dire elephant simulacra (IceCv)
  5 wraiths
  2 fire bats (Shoals:2)
  A vampire (D:13)
  24 wyverns
  7 shadows
  17 water elementals
  49 yaks
  5 fire elementals
  3 humans (D:13)
  A redback (shapeshifter) (Vaults:5)
  A golden eye (Slime:5)
  7 basilisks
  6 neqoxecs
  3 redbacks
  A warg (Orc:1)
  6 vampire mosquitoes
  2 steam dragons
  6 chaos spawn (Pan)
  2 spriggan simulacra
  4 harpy simulacra
  45 nagas
  A naga (shapeshifter) (Elf:1)
  2 acid dragons
  An acid dragon (shapeshifter) (Elf:2)
  A hydra simulacrum (IceCv)
  3 hell hounds
  27 water moccasins
  Duvessa (D:4)
  20 orc warriors
  47 laughing skulls
  6 black bears
  An ice beast (D:5)
  3 small abominations (Crypt:3)
  9 ogres
  15 wolves
  10 boggarts
  A sky beast (D:7)
  12 centaurs
  A weeping skull (Crypt:3)
  3 kobold brigands (D:9)
  A fire crab zombie (Crypt:1)
  A brain worm (Pan)
  2 earth elementals
  18 bullfrogs
  A gnoll sergeant (D:8)
  4 scorpions
  8 necrophages
  A wyvern zombie (Crypt:2)
  5 wights
  Dowan (D:4)
  3 burial acolytes (Crypt:3)
  2 elephant simulacra (IceCv)
  A bombardier beetle (D:7)
  A wolf skeleton (Crypt:2)
  2 jellies
  2 lava snakes (Lair:3)
  A gnoll bouda (D:4)
  4 hounds
  An iron imp (Pan)
  20 orc priests
  2 sleepcaps
  A basilisk skeleton (Crypt:2)
  2 iguanas (D:5)
  44 orc wizards
  18 hell rats
  A troll simulacrum (IceCv)
  10 gnolls
  A steam dragon zombie (Crypt:1)
  7 adders
  A swamp drake skeleton (Crypt:2)
  A white imp (D:7)
  6 ufetubi
  A jelly zombie (Crypt:1)
  An iguana skeleton (Crypt:2)
  2 dart slugs (D:1)
  2 ribbon worms
  70 orcs
  10 ball pythons
  8 endoplasms
  8 giant cockroaches
  4 goblins
  2 hobgoblins
  23 kobolds
  3 quokkas
  11 bats
  4 frilled lizards
  6 rats
  A river rat skeleton (Crypt:1)
  An aspiring flesh (Zot:5)
2418 creatures vanquished.

Vanquished Creatures (collateral kills)
  4 dread liches
  An ancient lich (Vaults:5)
  Mara (Snake:4)
  5 Killer Klowns (Zot:5)
  Saint Roka (Vaults:3)
  A curse toe (Zot:3)
  A golden dragon (Zot:4)
  2 electric golems (Zot:5)
  Jorgrun (Elf:1)
  3 tentacled monstrosities
  8 Orb Guardians (Zot:5)
  5 acid blobs
  2 titans
  A death cob (Zot:5)
  A deep elf master archer (Elf:3)
  The ghost of Jeti the Warrior, an adept MiFi of Okawaru (Elf:1)
  A shadow dragon (Vaults:5)
  2 tengu reavers (Vaults:5)
  A fire giant (Vaults:5)
  2 protean progenitors
  2 rockslimes (Elf:1)
  A draconian knight (Zot:4)
  A draconian monk (Zot:3)
  A vault warden (Vaults:3)
  2 deep elf sorcerers
  2 frost giants (Vaults:5)
  A deep elf elementalist (Elf:1)
  2 ironbound preservers
  3 cacodemons (Pan)
  A draconian annihilator (Zot:5)
  An orc warlord (Vaults:2)
  2 broodmothers (Pan)
  A reaper (Hell)
  4 deep elf annihilators
  2 putrid mouths
  A green draconian (Zot:1)
  A demonspawn black sun (Pan)
  3 deep elf demonologists
  A purple draconian (Zot:3)
  A black draconian (Zot:3)
  A dire elephant (Vaults:2)
  A spark wasp (Depths:4)
  A yellow draconian (Zot:3)
  3 ettins
  A great orb of eyes (Vaults:3)
  A fire dragon (Pan)
  An entropy weaver (shapeshifter) (Elf:3)
  A yaktaur captain (Vaults:3)
  A deep elf high priest (Vaults:5)
  2 salamander tyrants (Snake:4)
  A caustic shrike simulacrum (Hell)
  A servant of whispers (Desolation)
  A ghost crab (Gauntlet)
  5 hydras
  A spriggan air mage (Depths:1)
  An ogre mage (Vaults:5)
  An anaconda (Snake:4)
  A spriggan skeleton (Hell)
  8 naga warriors
  2 hell hogs (Hell)
  A tengu warrior (Depths:3)
  A vampire mage (Vaults:3)
  A shock serpent (Snake:3)
  6 naga sharpshooters
  2 deep troll earth magi (Depths:4)
  5 sun demons
  4 deep elf knights (Elf:1)
  2 iron trolls (Depths:4)
  A flayed ghost (Crypt:2)
  2 swamp dragons (Zot:5)
  4 mana vipers (Snake:4)
  3 naga ritualists
  An ironbound convoker (Desolation)
  5 deep trolls
  An orc knight (Vaults:4)
  A harpy (Vaults:1)
  6 deep elf pyromancers
  A necromancer (Hell)
  3 ugly things (Pan)
  3 orc sorcerers
  A deep elf zephyrmancer (Elf:1)
  3 salamanders
  4 moths of wrath
  6 naga magi
  An eye of devastation (shapeshifter) (Vaults:5)
  An orange demon (Pan)
  7 black mambas
  A centaur skeleton (Hell)
  An eye of devastation (Elf:1)
  A freezing wraith (Crypt:2)
  A tormentor (Pan)
  4 yaktaurs (Vaults:3)
  A red devil (Hell)
  2 glass eyes (Pan)
  3 saltlings (Desolation)
  7 slime creatures
  A centaur simulacrum (Crypt:3)
  An air elemental (Elf:1)
  A wraith (D:9)
  A neqoxec (Pan)
  2 chaos spawn (Pan)
  12 nagas
  2 ogres (Orc:2)
  8 wights
  2 orc wizards
  3 orcs
  An aspiring flesh (Pan)
  A spectral weapon (Zot:5)
244 creatures vanquished.

Vanquished Creatures (others)
  A pandemonium lord (Pan)
  An eldritch tentacle (Pan)
  A fire giant (Depths:4)
  A draconian shifter (Zot:4)
  A very ugly thing (Vaults:5)
  An ironbound preserver (Vaults:5)
  A merfolk aquamancer (Shoals:4)
  A skeletal warrior (Crypt:2)
  A spriggan simulacrum (Crypt:3)
  A deep elf pyromancer (Elf:1)
  A naga mage (Snake:3)
  A black mamba (Snake:3)
  A water elemental (Shoals:4)
  A burial acolyte (Crypt:3)
  A snaplasher vine (Depths:3)
  5 tentacles (Shoals:4)
20 creatures vanquished.

Grand Total: 2682 creatures vanquished

Notes
Turn   | Place    | Note
-------+----------+-------------------------------------------
     0 | D:1      | hikkokomori the Gnoll Alchemist began the quest for the
                  | Orb.
     0 | D:1      | Reached XP level 1. HP: 13/13 MP: 6/6
   141 | D:1      | Reached XP level 2. HP: 19/19 MP: 5/7
   866 | D:1      | Reached skill level 5 in Spellcasting
   866 | D:1      | Reached XP level 3. HP: 25/25 MP: 2/9
   972 | D:1      | Reached skill level 1 in Invocations
  1257 | D:1      | Reached skill level 1 in Fighting
  1257 | D:1      | Reached skill level 1 in Short Blades
  1257 | D:1      | Reached skill level 1 in Long Blades
  1257 | D:1      | Reached skill level 1 in Axes
  1257 | D:1      | Reached skill level 1 in Maces & Flails
  1257 | D:1      | Reached skill level 1 in Polearms
  1257 | D:1      | Reached skill level 1 in Staves
  1257 | D:1      | Reached skill level 1 in Ranged Weapons
  1257 | D:1      | Reached skill level 1 in Throwing
  1257 | D:1      | Reached skill level 1 in Armour
  1257 | D:1      | Reached skill level 1 in Shields
  1257 | D:1      | Reached skill level 1 in Unarmed Combat
  1257 | D:1      | Reached skill level 1 in Evocations
  1463 | D:2      | Reached skill level 1 in Shapeshifting
  1463 | D:2      | Reached XP level 4. HP: 32/32 MP: 4/11
  1468 | D:2      | Learned a level 3 spell: Mephitic Cloud
  1473 | D:2      | Learned a level 4 spell: Olgreb's Toxic Radiance
  1476 | D:2      | Learned a level 2 spell: Blink
  1903 | D:2      | Reached skill level 1 in Hexes
  1903 | D:2      | Reached skill level 1 in Summonings
  1903 | D:2      | Reached skill level 1 in Necromancy
  1903 | D:2      | Reached skill level 1 in Translocations
  1903 | D:2      | Reached skill level 1 in Fire Magic
  1903 | D:2      | Reached skill level 1 in Ice Magic
  1903 | D:2      | Reached skill level 1 in Air Magic
  1903 | D:2      | Reached skill level 1 in Earth Magic
  2280 | D:3      | Found a bloodstained altar of Trog.
  2355 | D:3      | Found a faded altar of an unknown god.
  2382 | D:3      | Reached XP level 5. HP: 37/37 MP: 4/12
  2512 | D:3      | You fall into a shaft and drop 2 floors!
  2512 | D:5      | Entered Level 5 of the Dungeon
  2844 | D:3      | Found an opulent altar of Gozag.
  2853 | D:3      | Found a shimmering altar of Xom.
  2875 | D:3      | Became a worshipper of Gozag Ym Sagoz the Greedy
  3093 | D:4      | Noticed a black bear
  3101 | D:4      | Killed a black bear
  3102 | D:4      | Reached skill level 5 in Dodging
  3102 | D:4      | Reached XP level 6. HP: 44/44 MP: 2/14
  3214 | D:4      | Noticed Dowan
  3215 | D:4      | Noticed Duvessa
  3232 | D:4      | Killed Dowan
  3239 | D:4      | Killed Duvessa
  3240 | D:4      | Reached XP level 7. HP: 44/50 MP: 7/15
  4115 | D:5      | Noticed a hornet
  4122 | D:5      | Killed a hornet
  4123 | D:5      | Reached skill level 5 in Stealth
  4125 | D:5      | Reached XP level 8. HP: 53/58 MP: 1/16
  4421 | D:5      | Found a sacrificial altar of Ru.
  5559 | D:6      | Reached skill level 6 in Dodging
  5846 | D:6      | Found a staircase to the Ecumenical Temple.
  5853 | Temple   | Entered the Ecumenical Temple
  5882 | D:6      | Reached XP level 9. HP: 55/65 MP: 11/18
  6692 | D:7      | Noticed Maurice
  6704 | D:7      | Killed Maurice
  6918 | D:7      | Reached skill level 5 in Invocations
  7256 | D:7      | Learned a level 5 spell: Summon Forest
  7706 | D:8      | Noticed Prince Ribbit
  7717 | D:8      | Killed Prince Ribbit
  7950 | D:8      | Noticed a troll
  7955 | D:8      | Killed a troll
  7956 | D:8      | Reached skill level 5 in Fighting
  7956 | D:8      | Reached skill level 5 in Short Blades
  7956 | D:8      | Reached skill level 5 in Long Blades
  7956 | D:8      | Reached skill level 5 in Axes
  7956 | D:8      | Reached skill level 5 in Maces & Flails
  7956 | D:8      | Reached skill level 5 in Polearms
  7956 | D:8      | Reached skill level 5 in Staves
  7956 | D:8      | Reached skill level 5 in Ranged Weapons
  7956 | D:8      | Reached skill level 5 in Throwing
  7956 | D:8      | Reached skill level 5 in Armour
  7956 | D:8      | Reached skill level 5 in Shields
  7956 | D:8      | Reached skill level 5 in Unarmed Combat
  7956 | D:8      | Reached skill level 5 in Evocations
  7956 | D:8      | Reached XP level 10. HP: 74/74 MP: 11/20
  8064 | D:8      | Reached skill level 7 in Dodging
  8841 | D:9      | Reached skill level 5 in Conjurations
  8877 | D:9      | Noticed a kobold demonologist
  8879 | D:9      | Noticed a kobold demonologist
  8886 | D:9      | Killed a kobold demonologist
  8887 | D:9      | Killed a kobold demonologist
  8888 | D:9      | Reached skill level 5 in Shapeshifting
  9449 | D:9      | Found Riace's Antique Armour Emporium.
  9449 | D:9      | Found Pomuakoe's Assorted Antiques.
  9451 | D:9      | Found Atrar's Assorted Antiques.
  9493 | D:9      | Bought a pair of runed boots for 210 gold pieces
  9771 | D:9      | Noticed a two-headed ogre
  9783 | D:9      | Killed a two-headed ogre
  9784 | D:9      | Reached skill level 5 in Hexes
  9784 | D:9      | Reached skill level 5 in Summonings
  9784 | D:9      | Reached skill level 5 in Necromancy
  9784 | D:9      | Reached skill level 5 in Translocations
  9784 | D:9      | Reached skill level 5 in Fire Magic
  9784 | D:9      | Reached skill level 5 in Ice Magic
  9784 | D:9      | Reached skill level 5 in Air Magic
  9784 | D:9      | Reached skill level 5 in Earth Magic
  9784 | D:9      | Reached XP level 11. HP: 81/81 MP: 0/23
 10273 | D:10     | Entered Level 10 of the Dungeon
 10299 | D:9      | Bought a scroll labelled UPNOER XU BIB for 33 gold pieces
 10299 | D:9      | Bought a twisted fluorescent wand for 132 gold pieces
 10299 | D:9      | Bought a scroll labelled UPNOER XU BIB for 33 gold pieces
 10328 | D:10     | Found a broken altar of Ashenzari.
 10636 | D:10     | Found a staircase to the Orcish Mines.
 10843 | D:10     | Noticed a two-headed ogre
 10849 | D:10     | Noticed a two-headed ogre
 10857 | D:10     | Killed a two-headed ogre
 10858 | D:10     | Reached skill level 8 in Dodging
 10861 | D:10     | a two-headed ogre changed into a deep troll
 10861 | D:10     | Noticed a deep troll
 10864 | D:10     | Killed a deep troll
 11494 | D:9      | Bought a scroll labelled HUTWON YSAI for 18 gold pieces
 11494 | D:9      | Bought a clear potion for 16 gold pieces
 11494 | D:9      | Bought a scroll labelled FEYFELOUTH for 18 gold pieces
 11494 | D:9      | Bought a scroll labelled OQEGUG HEWI for 18 gold pieces
 11494 | D:9      | Bought a scroll of blinking for 135 gold pieces
 11494 | D:9      | Bought the +3 greatsling "Punk" {acid, rCorr} for 563 gold
                  | pieces
 11494 | D:9      | Found the +3 greatsling "Punk" {acid, rCorr}
 11494 | D:9      | Bought a bubbling coppery potion for 16 gold pieces
 11558 | Orc:1    | Entered Level 1 of the Orcish Mines
 11598 | Orc:1    | Learned a level 5 spell: Yara's Violent Unravelling
 11604 | Orc:1    | Learned a level 5 spell: Summon Mana Viper
 11616 | Orc:1    | Noticed a two-headed ogre
 11624 | Orc:1    | Killed a two-headed ogre
 11941 | Orc:1    | Noticed an orc sorcerer
 11948 | Orc:1    | Killed an orc sorcerer
 11976 | Orc:1    | Noticed an orc sorcerer
 11976 | Orc:1    | Noticed an orc high priest
 12015 | Orc:1    | Reached XP level 12. HP: 34/91 MP: 3/24
 12026 | Orc:1    | Killed an orc high priest
 12529 | Orc:1    | Learned a level 3 spell: Swiftness
 12530 | Orc:2    | Entered Level 2 of the Orcish Mines
 12581 | Orc:2    | Noticed a two-headed ogre
 12584 | Orc:2    | Noticed an ogre mage
 12585 | Orc:2    | Noticed a two-headed ogre
 12589 | Orc:2    | Killed a two-headed ogre
 12590 | Orc:2    | Killed an ogre mage
 12590 | Orc:2    | Noticed a two-headed ogre
 12591 | Orc:2    | Noticed a two-headed ogre
 12592 | Orc:2    | Killed a two-headed ogre
 12592 | Orc:2    | Noticed a two-headed ogre
 12592 | Orc:2    | Noticed a two-headed ogre
 12598 | Orc:2    | Killed a two-headed ogre
 12598 | Orc:2    | Killed a two-headed ogre
 12599 | Orc:2    | Reached skill level 9 in Dodging
 12600 | Orc:2    | Killed a two-headed ogre
 12602 | Orc:2    | Killed a two-headed ogre
 12897 | Orc:2    | Found a staircase to the Elven Halls.
 13030 | Orc:2    | Found Diquepn's Antique Weapon Emporium.
 13054 | Orc:2    | Noticed Snorg
 13068 | Orc:2    | Killed Snorg
 13181 | Orc:2    | Noticed an ogre mage
 13194 | Orc:2    | Killed an ogre mage
 13308 | Orc:2    | Found Utwob's Magic Scroll Shop.
 13338 | Orc:2    | Found Nemethruest's Jewellery Boutique.
 13362 | Orc:2    | Found a radiant altar of Vehumet.
 13363 | Orc:2    | Noticed Erolcha
 13373 | Orc:2    | Reached XP level 13. HP: 98/98 MP: 8/26
 13379 | Orc:2    | Killed Erolcha
 13465 | Orc:2    | Found Vyphiez's Antique Weapon Shop.
 13479 | Orc:2    | Noticed Nergalle
 13488 | Orc:2    | Killed Nergalle
 13629 | Orc:2    | Found an ancient bone altar of Kikubaaqudgha.
 13711 | Orc:2    | Found Xuyqiusi's Antique Weapon Boutique.
 13920 | Orc:2    | Bought a scroll of identify for 36 gold pieces
 13920 | Orc:2    | Bought a scroll of fear for 72 gold pieces
 13920 | Orc:2    | Bought a scroll of fear for 72 gold pieces
 13920 | Orc:2    | Bought a scroll of identify for 36 gold pieces
 13920 | Orc:2    | Bought a scroll of enchant armour for 135 gold pieces
 13920 | Orc:2    | Bought a scroll of teleportation for 54 gold pieces
 13925 | Orc:2    | Identified a scroll of acquirement
 13925 | Orc:2    | Acquired 1067 gold pieces
 14052 | Orc:2    | Bought the ring "Kuerydu" {^Drain rPois rF+++ rCorr Dex+6}
                  | for 1397 gold pieces
 14198 | D:11     | Identified the +1 chain mail "Kiegitre" {rElec MP+9 Str+5
                  | Int+3}
 14804 | D:11     | Found a staircase to the Lair.
 14998 | Lair:1   | Entered Level 1 of the Lair of Beasts
 15005 | Lair:1   | Reached skill level 10 in Spellcasting
 15811 | Lair:2   | Bought a polished helmet for 275 gold pieces
 15811 | Lair:2   | Identified the -1 helmet "Nian" {Str+4} (You bought it in a
                  | shop on level 2 of the Lair of Beasts)
 15899 | Lair:2   | Reached skill level 10 in Dodging
 16014 | Lair:2   | Reached skill level 10 in Stealth
 16023 | Lair:2   | Reached XP level 14. HP: 73/108 MP: 0/28
 16032 | Lair:2   | Reached skill level 10 in Invocations
 16228 | Lair:2   | Found a staircase to the Shoals.
 16950 | Lair:2   | Learned a level 5 spell: Borgnjor's Vile Clutch
 17290 | Lair:3   | Identified the +1 leather armour "Mes Roenk" {rC- Will+++
                  | Regen+ Dex+3}
 17841 | Lair:3   | Found a staircase to the Snake Pit.
 18895 | Lair:4   | Reached skill level 10 in Alchemy
 19351 | Lair:2   | Bought a steaming cloak for 275 gold pieces
 19351 | Lair:2   | Identified the +1 cloak of Weirdness {Rampage ^Drain rF+++
                  | MP+9} (You bought it in a shop on level 2 of the Lair of
                  | Beasts)
 19358 | Lair:2   | Bought an ancient hat for 342 gold pieces
 19358 | Lair:2   | Identified the +1 hat "Omu Fybb" {rPois Str+5 Int-3 SInv}
                  | (You bought it in a shop on level 2 of the Lair of Beasts)
 19439 | Lair:5   | Entered Level 5 of the Lair of Beasts
 19545 | Lair:5   | Reached skill level 11 in Dodging
 19556 | Lair:5   | Reached skill level 10 in Fighting
 19556 | Lair:5   | Reached skill level 10 in Short Blades
 19556 | Lair:5   | Reached skill level 10 in Long Blades
 19556 | Lair:5   | Reached skill level 10 in Axes
 19556 | Lair:5   | Reached skill level 10 in Maces & Flails
 19556 | Lair:5   | Reached skill level 10 in Polearms
 19556 | Lair:5   | Reached skill level 10 in Staves
 19556 | Lair:5   | Reached skill level 10 in Ranged Weapons
 19556 | Lair:5   | Reached skill level 10 in Throwing
 19556 | Lair:5   | Reached skill level 10 in Armour
 19556 | Lair:5   | Reached skill level 10 in Shields
 19556 | Lair:5   | Reached skill level 10 in Unarmed Combat
 19556 | Lair:5   | Reached skill level 10 in Evocations
 19585 | Lair:5   | Found a runed translucent door.
 19697 | Lair:5   | Learned a level 3 spell: Passwall
 19744 | Lair:5   | Identified the +8 chain mail of the Arena {rF+}
 19770 | Lair:5   | Noticed Rupert
 19797 | Lair:5   | Killed Rupert
 19798 | Lair:5   | Reached XP level 15. HP: 90/115 MP: 6/30
 19812 | Lair:5   | Found a frozen archway.
 20001 | IceCv    | Entered an ice cave
 21877 | Lair:5   | Identified the +1 trident "Ulilitia" {holy, rN+ Str-5
                  | Dex+3}
 21943 | Lair:5   | Found a staircase to the Slime Pits.
 21974 | Lair:5   | Found a viscous altar of Jiyva.
 22280 | Lair:5   | Noticed Eugor's ghost (journeyman DECj)
 22658 | Lair:5   | Killed Eugor's ghost
 22698 | Slime:1  | Entered Level 1 of the Pits of Slime
 22699 | Slime:1  | Noticed an acid blob
 23220 | D:12     | Found a sacrificial altar of Ru.
 23380 | D:13     | Found a transporter.
 23381 | D:13     | Noticed Heqer's ghost (journeyman MiFi)
 23435 | D:13     | Found a gate leading to a gauntlet.
 23448 | Gauntlet | Entered a Gauntlet
 23448 | Gauntlet | Found a transporter.
 23448 | Gauntlet | Found a transporter.
 23452 | Gauntlet | Found a transporter.
 23452 | Gauntlet | Found a transporter.
 23461 | Gauntlet | Found a transporter.
 23493 | Gauntlet | Found the +15 Maxwell's patent armour {-Cast -Tele rElec
                  | Will+ rCorr}
 23512 | Gauntlet | Found a transporter.
 23535 | Gauntlet | Found a transporter.
 23545 | Gauntlet | Found a transporter.
 23547 | Gauntlet | Found a large runed translucent door.
 23548 | Gauntlet | Found a large runed translucent door.
 23549 | Gauntlet | Found a large runed translucent door.
 23549 | Gauntlet | Found a large runed translucent door.
 23549 | Gauntlet | Found a runed translucent door.
 23549 | Gauntlet | Found a runed translucent door.
 23550 | Gauntlet | Found a large runed translucent door.
 23550 | Gauntlet | Found a large runed translucent door.
 23551 | Gauntlet | Found a large runed translucent door.
 23552 | Gauntlet | Found a large runed translucent door.
 23557 | Gauntlet | Found a large runed translucent door.
 23557 | Gauntlet | Found a large runed translucent door.
 23559 | Gauntlet | Found a large runed translucent door.
 23559 | Gauntlet | Found a large runed translucent door.
 23561 | Gauntlet | Found a large runed translucent door.
 23561 | Gauntlet | Found a large runed translucent door.
 23561 | Gauntlet | Found a large runed translucent door.
 23561 | Gauntlet | Found a large runed translucent door.
 23565 | Gauntlet | Found a runed translucent gate.
 23565 | Gauntlet | Found a runed translucent gate.
 23565 | Gauntlet | Found a runed translucent gate.
 23567 | Gauntlet | Found a transporter.
 23673 | Gauntlet | Found a transporter.
 23699 | Gauntlet | Found a transporter.
 23716 | Gauntlet | Found a transporter.
 23726 | Gauntlet | Found a transporter.
 23848 | Gauntlet | Found a transporter.
 23869 | Gauntlet | Found a transporter.
 23885 | Gauntlet | Found a transporter.
 24124 | Gauntlet | Identified the ring "Luoboeg" {rElec rPois Will+ Stlth+}
 24173 | Gauntlet | Identified the +0 cloak "Peusymui" {rN++ Regen+ Dex-2
                  | Slay+3}
 24443 | D:13     | Found a gate to the Vaults.
 24496 | D:13     | Reached skill level 10 in Shapeshifting
 24730 | D:13     | Reached XP level 16. HP: 97/124 MP: 32/32
 24823 | D:13     | Found a transporter.
 25230 | D:14     | Reached skill level 12 in Dodging
 25244 | D:14     | Identified the +4 short sword "Paff" {elec, Int+3}
 25292 | D:14     | Identified the +6 mace "Byicol Emuth" {antimagic, rC+ Int-4
                  | Dex+5}
 25385 | D:14     | Identified the +6 mace of Uskayaw, Summoning {speed, *Slow
                  | Fly rElec Int-3}
 25969 | D:15     | Entered Level 15 of the Dungeon
 26374 | D:15     | Found a staircase to the Depths.
 26722 | D:15     | Found a stormy altar of Qazlal.
 26876 | D:15     | Reached skill level 10 in Conjurations
 27336 | Lair:2   | Bought the ring of Ogudikk {*Slow rPois Str+5 Int+6 Slay+5}
                  | for 1096 gold pieces
 27361 | Lair:2   | Bought the amulet of the Air {Inacc Air Fly rElec RMsl} for
                  | 676 gold pieces
 27361 | Lair:2   | Found the amulet of the Air {Inacc Air Fly rElec RMsl}
 27407 | Shoals:1 | Entered Level 1 of the Shoals
 27926 | Shoals:1 | Found Bumeol's Self-Improvement Boutique.
 28654 | Shoals:2 | Reached XP level 17. HP: 123/133 MP: 24/33
 28811 | Shoals:2 | Reached skill level 10 in Hexes
 28811 | Shoals:2 | Reached skill level 10 in Summonings
 28811 | Shoals:2 | Reached skill level 10 in Necromancy
 28811 | Shoals:2 | Reached skill level 10 in Translocations
 28811 | Shoals:2 | Reached skill level 10 in Fire Magic
 28811 | Shoals:2 | Reached skill level 10 in Ice Magic
 28811 | Shoals:2 | Reached skill level 10 in Air Magic
 28811 | Shoals:2 | Reached skill level 10 in Earth Magic
 30254 | Shoals:3 | Found Boxuxut's One-of-a-Kind Rings.
 30457 | Shoals:3 | Found Cet Iwir's Weapon Boutique.
 30605 | Shoals:4 | Entered Level 4 of the Shoals
 30625 | Shoals:4 | Reached skill level 13 in Dodging
 30940 | Shoals:4 | Noticed a kraken
 30951 | Shoals:4 | Killed a kraken
 31039 | Shoals:4 | Found Bazxod's General Store.
 31041 | Shoals:4 | Found Facselu's Specific Store.
 31054 | Shoals:4 | Bought a potion of magic for 120 gold pieces
 31054 | Shoals:4 | Bought a potion of invisibility for 120 gold pieces
 31054 | Shoals:4 | Bought a potion of might for 60 gold pieces
 31635 | Shoals:4 | Got a barnacled rune of Zot
 31637 | Shoals:4 | Got an azure gem with 0 turns to spare
 31750 | Shoals:4 | Reached XP level 18. HP: 94/141 MP: 13/35
 32378 | Snake:1  | Entered Level 1 of the Snake Pit
 32381 | Snake:1  | Bought Maxwell's Memoranda for 680 gold pieces
 32388 | Snake:1  | Learned a level 6 spell: Death Channel
 32404 | Snake:1  | Gained mutation: Armour fits poorly on your strangely
                  | shaped body. [you]
 32450 | Snake:1  | Found Kuehef's Magic Scroll Shoppe.
 32632 | Snake:1  | Found Umamink's Antique Weapon Boutique.
 32637 | Snake:1  | Bought a jewelled dagger for 224 gold pieces
 32637 | Snake:1  | Identified the +0 dagger "Xioff" {distort, *Noise rCorr
                  | Str+4 SInv} (You bought it in a shop on level 1 of the
                  | Snake Pit)
 32823 | Snake:1  | Found Uhayn's Assorted Antiques.
 32833 | Snake:1  | Bought 2 scrolls of revelation for 330 gold pieces
 32876 | Snake:1  | Identified the serpent talisman of Guypn {rF+}
 32876 | Snake:1  | Noticed Aizul
 32888 | Snake:1  | Gained mutation: You have sharp fingernails. [you]
 32901 | Snake:1  | Killed Aizul
 32934 | Snake:1  | Found Sadis's Jewellery Boutique.
 33482 | Snake:2  | Noticed Agnes
 33501 | Snake:2  | Killed Agnes
 35144 | Snake:4  | Entered Level 4 of the Snake Pit
 35210 | Snake:4  | Reached XP level 19. HP: 149/149 MP: 37/37
 35341 | Snake:4  | Noticed Louise
 35350 | Snake:4  | Noticed Mara
 35358 | Snake:4  | Killed Louise
 35361 | Snake:4  | Noticed hikkokomori's illusion
 35367 | Snake:4  | Reached skill level 14 in Dodging
 35380 | Snake:4  | Killed Mara
 35531 | Snake:4  | Noticed Donald
 35537 | Snake:4  | Killed Donald
 35587 | Snake:4  | Noticed Vashnia
 35621 | Snake:4  | Killed Vashnia
 35761 | Snake:4  | Noticed Asterion
 35771 | Snake:4  | Killed Asterion
 36542 | Snake:4  | Got a serpentine rune of Zot
 36960 | Elf:1    | Entered Level 1 of the Elven Halls
 37116 | Elf:1    | Reached skill level 15 in Invocations
 37213 | Elf:1    | Found a runed translucent gate.
 37213 | Elf:1    | Found a runed translucent gate.
 37213 | Elf:1    | Noticed Jeti's ghost (adept MiFi)
 37214 | Elf:1    | Found a runed translucent gate.
 37257 | Elf:1    | Paralysed by an air elemental for 1 turns
 37260 | Elf:1    | Paralysed by an air elemental for 1 turns
 37479 | Elf:1    | Noticed Jorgrun
 37490 | Elf:1    | Killed Jorgrun
 37492 | Elf:1    | Reached XP level 20. HP: 158/158 MP: 16/38
 38131 | Elf:1    | Found a viscous altar of Jiyva.
 38171 | Elf:1    | Killed Jeti's ghost
 38394 | Shoals:1 | Bought a manual of Dodging for 1280 gold pieces
 38394 | Shoals:1 | Bought a manual of Dodging for 1280 gold pieces
 38727 | Elf:2    | Reached skill level 15 in Spellcasting
 38850 | Elf:2    | Reached skill level 15 in Dodging
 39061 | Elf:2    | Found a runed translucent gate.
 39064 | Elf:2    | Found a runed translucent gate.
 39064 | Elf:2    | Found a runed translucent gate.
 39576 | Elf:2    | Reached skill level 15 in Stealth
 39718 | Elf:3    | Entered Level 3 of the Elven Halls
 40142 | Elf:3    | Found a radiant altar of Vehumet.
 40232 | Elf:3    | Identified the ring "Seprener" {rN+ Str+4 SInv Stlth-}
 40527 | Elf:3    | Reached skill level 15 in Unarmed Combat
 40555 | Elf:3    | Reached XP level 21. HP: 87/166 MP: 5/40
 40862 | Elf:3    | Identified the +8 chain mail of Ennui {Dex+2 Slay+2}
 40886 | Elf:3    | Identified the +5 dagger "Cudu" {flame, rF+}
 41115 | Elf:3    | Identified the +3 rapier of Ashenzari's Whim {elec, Dex+6}
 41789 | Slime:1  | Reached skill level 16 in Dodging
 42220 | Depths:1 | Entered Level 1 of the Depths
 42308 | Depths:1 | Found a one-way gate to the infinite horrors of the Abyss.
 42510 | Depths:1 | Found a radiant altar of Vehumet.
 42555 | Depths:1 | Found a gateway to Hell.
 42781 | Depths:1 | Found Lunn's Book Shop.
 42785 | Depths:1 | Found Openient's Assorted Antiques.
 42786 | Depths:1 | Found Vihouki's Armour Shop.
 42791 | Depths:1 | Bought a pair of runed gloves for 195 gold pieces
 42791 | Depths:1 | Bought a potion of haste for 260 gold pieces
 42943 | Depths:1 | Found a portal to a secret trove of treasure.
 42988 | Depths:1 | Reached skill level 15 in Fighting
 42988 | Depths:1 | Reached skill level 15 in Short Blades
 42988 | Depths:1 | Reached skill level 15 in Long Blades
 42988 | Depths:1 | Reached skill level 15 in Axes
 42988 | Depths:1 | Reached skill level 15 in Maces & Flails
 42988 | Depths:1 | Reached skill level 15 in Polearms
 42988 | Depths:1 | Reached skill level 15 in Staves
 42988 | Depths:1 | Reached skill level 15 in Ranged Weapons
 42988 | Depths:1 | Reached skill level 15 in Throwing
 42988 | Depths:1 | Reached skill level 15 in Armour
 42988 | Depths:1 | Reached skill level 15 in Shields
 42988 | Depths:1 | Reached skill level 15 in Evocations
 42997 | Depths:1 | Identified the +0 leather armour "Quruh" {Harm rElec Regen+
                  | Stlth-}
 43067 | Depths:1 | Found a bloodstained altar of Trog.
 43258 | Hell     | Entered the Vestibule of Hell
 43258 | Hell     | Noticed Geryon
 43270 | Depths:1 | Learned a level 5 spell: Arcjolt
 43797 | Depths:1 | Lost mutation: Armour fits poorly on your strangely shaped
                  | body. [potion of mutation]
 43797 | Depths:1 | Lost mutation: You have sharp fingernails. [potion of
                  | mutation]
 43797 | Depths:1 | Gained mutation: Your mind is acute. (Int +4, Str/Dex -1)
                  | [potion of mutation]
 43797 | Depths:1 | Gained mutation: You are robust. (+10% HP) [potion of
                  | mutation]
 44020 | Vaults:1 | Entered Level 1 of the Vaults
 44349 | Depths:1 | Bought an Everburning Encyclopedia for 532 gold pieces
 44357 | Depths:1 | Learned a level 4 spell: Ignite Poison
 44912 | Vaults:1 | Found Cokeses's General Store.
 45326 | Vaults:1 | Reached XP level 22. HP: 129/192 MP: 25/42
 45911 | Vaults:2 | Reached skill level 17 in Dodging
 45914 | Vaults:2 | Identified the +3 leather armour "Plog" {rF+ rN+ Str-2}
 46078 | Vaults:2 | Found Esmacs's Assorted Antiques.
 46142 | Vaults:2 | Bought a clouded lapis lazuli ring for 135 gold pieces
 46142 | Vaults:2 | Identified the ring of Sin {rPois rF+ rC+} (You bought it
                  | in a shop on level 2 of the Vaults)
 46774 | Vaults:2 | Found Uner's Weapon Boutique.
 47067 | Vaults:2 | Paralysed by a formless jellyfish for 1 turns
 47090 | Vaults:2 | Found Opierch's Armour Shoppe.
 47115 | Vaults:2 | Found Gowuj's Antique Armour Shop.
 47400 | Vaults:3 | Identified the +3 flail "Mynom" {venom, rF+ Str+4}
 47711 | Vaults:3 | Noticed Saint Roka
 47760 | Vaults:3 | Identified the orb of the Fiddle {light, Dex-5 Fire Ice}
 47760 | Vaults:3 | Noticed Frederick
 47769 | Vaults:3 | Killed Saint Roka
 47771 | Vaults:3 | Killed Frederick
 48348 | Vaults:3 | Found a staircase to the Crypt.
 48409 | Vaults:3 | Noticed Norris
 48424 | Vaults:3 | Killed Norris
 48848 | Vaults:3 | Found the +4 consecrated labrys {holy, Valiant ^Fragile Fly
                  | SInv}
 48934 | Vaults:3 | Reached skill level 18 in Dodging
 49374 | Vaults:4 | Reached XP level 23. HP: 201/201 MP: 25/43
 49374 | Vaults:4 | Lost mutation: Your mind is acute. (Int +4, Str/Dex -1)
                  | [you]
 49644 | Vaults:4 | Identified the +1 quarterstaff "Wixec" {vamp, Will+ MP+9}
 49723 | Vaults:4 | Found a crumbling gateway.
 49754 | Desolati | Entered the Desolation of Salt
 50121 | Desolati | Got the Secrets of Fascination and the Escort
 50165 | Desolati | Got the Verses on the Oath
 50227 | Desolati | Identified the ring of the Centipede {rCorr Int+3}
 50324 | Desolati | Identified the amulet "Hevar" {Faith Regen+ Int+4 Slay-5}
 50433 | Desolati | Got the Book of the Topological Iceberg
 50436 | Desolati | Identified the +4 long sword "Fyus" {heavy, *Noise rElec
                  | rF+ SInv}
 50574 | Desolati | Got Sif Muna's Dissertation on Calid Ensorcelling
 50600 | Desolati | Identified the +0 robe of Uhaergh {Will+ Dex+2}
 50648 | Desolati | Reached skill level 15 in Shapeshifting
 51765 | Vaults:5 | Entered Level 5 of the Vaults
 51778 | Vaults:5 | Noticed a golden dragon
 51782 | Vaults:5 | Reached skill level 15 in Alchemy
 51789 | Vaults:5 | Reached skill level 19 in Dodging
 51804 | Vaults:5 | Noticed an ancient lich
 52174 | Depths:2 | Found a one-way gateway to a ziggurat.
 52213 | Depths:2 | Identified the +6 hand axe "Xumakesa" {drain, rElec rC+
                  | Str-3}
 52300 | Depths:2 | Reached XP level 24. HP: 181/212 MP: 39/44
 52733 | Depths:2 | Identified the +3 leather armour of Recklessness {rN+
                  | Str+2}
 52789 | Depths:2 | Found a hide-covered altar of Uskayaw.
 52809 | Depths:2 | Gained mutation: Your health recovers twice as slowly from
                  | being drained. [you]
 52912 | Depths:2 | Found a one-way gate leading to the halls of Pandemonium.
 53183 | Depths:3 | Found a runed translucent door.
 53183 | Depths:3 | Found a shimmering altar of Xom.
 53183 | Depths:3 | Noticed Nenuxulire's ghost (veteran GnWn)
 53521 | Depths:3 | Noticed Vv
 53746 | Depths:3 | Found the +3 hat of Pondering {ponderous, Will+ MP+10
                  | Int+5}
 54064 | Depths:3 | Killed Nenuxulire's ghost
 54071 | Depths:3 | Identified the ring "Edinel" {rElec Str+6}
 54109 | Depths:3 | Learned a level 7 spell: Enfeeble
 54213 | Depths:3 | Killed Vv
 54368 | Depths:4 | Entered Level 4 of the Depths
 54526 | Depths:4 | Noticed a juggernaut
 54536 | Depths:4 | Killed a juggernaut
 55005 | Depths:4 | Reached skill level 20 in Dodging
 55436 | Depths:4 | Found a gate to the Realm of Zot.
 56211 | Depths:4 | Reached XP level 25. HP: 214/221 MP: 44/44
 56676 | Hell     | Killed Geryon
 56700 | Hell     | Noticed Murray
 57218 | Slime:1  | Lost mutation: Your health recovers twice as slowly from
                  | being drained. [you]
 57226 | Slime:1  | HP: 10/221 [acid (4)]
 57599 | Depths:1 | Bought the amulet of Dabaliy {Reflect +Blink rC+ Str+2 SH+5
                  | Stlth+} for 986 gold pieces
 57599 | Depths:1 | Bought the amulet of Geshroof {RegenMP SInv} for 700 gold
                  | pieces
 57623 | Depths:1 | Bought an ancient robe for 245 gold pieces
 57623 | Depths:1 | Identified the +1 robe "Faigg" {Int+3 Dex+3} (You bought it
                  | in a shop on level 1 of the Depths)
 57632 | Depths:1 | Bought an ancient chain mail for 465 gold pieces
 57632 | Depths:1 | Identified the +1 chain mail "Qoexurph" {rElec} (You bought
                  | it in a shop on level 1 of the Depths)
 57632 | Depths:1 | Bought a pair of encrusted gloves for 465 gold pieces
 57632 | Depths:1 | Identified the +4 pair of gloves of Uskayaw's Castigation
                  | {Rampage} (You bought it in a shop on level 1 of the
                  | Depths)
 57973 | Vaults:4 | Reached skill level 15 in Conjurations
 58098 | Vaults:5 | Noticed a dread lich
 58211 | Vaults:5 | Gained mutation: Your body sometimes deteriorates upon
                  | taking damage. [you]
 58231 | Vaults:5 | Killed a dread lich
 58302 | Vaults:5 | Killed an ancient lich
 58303 | Vaults:5 | Reached skill level 15 in Hexes
 58303 | Vaults:5 | Reached skill level 15 in Summonings
 58303 | Vaults:5 | Reached skill level 15 in Necromancy
 58303 | Vaults:5 | Reached skill level 15 in Translocations
 58303 | Vaults:5 | Reached skill level 15 in Fire Magic
 58303 | Vaults:5 | Reached skill level 15 in Ice Magic
 58303 | Vaults:5 | Reached skill level 15 in Air Magic
 58303 | Vaults:5 | Reached skill level 15 in Earth Magic
 58470 | Vaults:5 | Noticed an ancient lich
 58483 | Vaults:5 | Killed an ancient lich
 58505 | Vaults:5 | Identified the ring "Usicw" {rF- rC+ MP+9 AC+4 Int+5}
 58589 | Vaults:5 | Got a silver rune of Zot
 58648 | Vaults:5 | Identified the +6 long sword of Heuvug {venom, rElec Str-3
                  | Int+3}
 58657 | Vaults:5 | Identified the +5 plate armour of Misanwuf {rF+ Will++
                  | Int+3}
 58713 | Vaults:4 | Reached skill level 21 in Dodging
 59078 | Vaults:5 | Identified the +3 orcbow of Dishonour {elec, Dex+2}
 59117 | Vaults:5 | Identified the +4 ring mail of Supple Strength {rF+ Will+
                  | Dex+3}
 59173 | Vaults:5 | Identified the +3 shortbow of Gubouf {heavy, Int+4}
 59192 | Vaults:5 | Noticed an ancient lich
 59206 | Vaults:5 | Killed an ancient lich
 59428 | Vaults:5 | Identified the amulet "Zaegh" {-Tele rPois Regen+ Str+4
                  | Dex+3}
 59994 | Vaults:5 | Identified the ring "Vaneneed" {rN++ Will+ rCorr AC+4
                  | Str-3}
 60146 | Crypt:1  | Entered Level 1 of the Crypt
 60562 | Slime:1  | Learned a level 5 spell: Irradiate
 60932 | Slime:5  | Entered Level 5 of the Pits of Slime
 60978 | Slime:5  | Found the +10 morningstar "Eos" {elec, Halo rElec}
 61099 | Slime:5  | Paralysed by a formless jellyfish for 1 turns
 61100 | Slime:5  | Reached XP level 26. HP: 85/232 MP: 29/45
 61293 | Slime:5  | Found a viscous altar of Jiyva.
 61326 | Slime:5  | Noticed the Royal Jelly
 61351 | Slime:5  | Killed the Royal Jelly
 61352 | Slime:5  | Lost mutation: You are robust. (+10% HP) [you]
 61537 | Slime:5  | Identified the +1 robe of Courage {*Slow Str+7 Int-3}
 61658 | Slime:5  | Identified the +7 scimitar of the Eel {freeze, Str+3}
 61813 | Slime:5  | Identified the +8 spear of Patterns {drain, Str+3}
 61820 | Slime:5  | Identified the ring "Pinapo" {rC+ Str-3 Dex+5 Slay+4}
 61823 | Slime:5  | Got a slimy rune of Zot
 61826 | Slime:5  | Identified the ring of Gajygrui {rF+ Int+6 SInv}
 62471 | Slime:5  | Identified the +6 orcbow of Wrongful Imprisonment {heavy,
                  | rPois Str+2}
 62481 | Slime:5  | Bought a pair of ancient gloves for 437 gold pieces
 62481 | Slime:5  | Identified the +0 pair of gloves "Kuraleosm" {Will+ Str-2
                  | Dex+2 Slay+2} (You bought it in a shop on level 5 of the
                  | Pits of Slime)
 62616 | Lair:2   | Bought a potion of curing for 114 gold pieces
 62803 | Vaults:1 | Bought the quicksilver dragon scales "Meeth" {rPois Will+
                  | rCorr MP+9} for 1148 gold pieces
 63286 | Crypt:1  | Found a basalt altar of Yredelemnul.
 64603 | Crypt:3  | Entered Level 3 of the Crypt
 64872 | Crypt:3  | Found an ancient bone altar of Kikubaaqudgha.
 64876 | Crypt:3  | Identified the ring "Akot" {Ice rPois rN+ Int+3}
 64876 | Crypt:3  | Noticed Josephina
 64886 | Crypt:3  | Reached skill level 22 in Dodging
 64891 | Crypt:3  | Gained mutation: Your health recovers twice as slowly from
                  | being drained. [you]
 64894 | Crypt:3  | Killed Josephina
 65151 | Crypt:3  | Found the +6 Majin-Bo {spellvamp, MP+6 Int+6}
 65557 | Crypt:3  | Noticed Khufu
 65618 | Crypt:3  | Killed Khufu
 65914 | Crypt:3  | Found a staircase to the Tomb.
 66683 | Zot:1    | Entered Level 1 of the Realm of Zot
 66696 | Zot:1    | Reached XP level 27. HP: 154/219 MP: 38/46
 66720 | Zot:1    | Found the +4 dragonskin cloak
 66720 | Zot:1    | Noticed Tiamat
 66839 | Depths:4 | Learned a level 7 spell: Ozocubu's Refrigeration
 66929 | Pan      | Entered Pandemonium
 67477 | Pan      | Found an exit through the horrors of the Abyss.
 67526 | Pan      | Noticed Ugiem the pandemonium lord
 67562 | Pan      | Killed Ugiem the pandemonium lord
 67642 | Pan      | Got a demonic rune of Zot
 67730 | Pan      | Noticed Yvywk the pandemonium lord
 67744 | Pan      | Killed Yvywk the pandemonium lord
 67953 | Pan      | Entered the realm of Mnoleg.
 68334 | Pan      | Noticed Mnoleg
 68385 | Pan      | Gained mutation: Your body often deteriorates upon taking
                  | damage. [a shining eye]
 68390 | Pan      | Killed Mnoleg
 68403 | Pan      | Got a glowing rune of Zot
 69465 | Pan      | Reached skill level 23 in Dodging
 69641 | Pan      | Found an exit through the horrors of the Abyss.
 69702 | Pan      | Noticed Ozeefaph the pandemonium lord
 69733 | Pan      | Killed Ozeefaph the pandemonium lord
 69774 | Depths:3 | Escaped Pandemonium
 69855 | Depths:1 | You paid a toll of 15 potions of curing to enter a treasure
                  | trove
 69856 | Trove    | Entered a treasure trove
 69867 | Trove    | Identified the ring "Laurei" {rF+ Slay+4}
 69871 | Trove    | Identified the ring of Equilibrium {rN++ Slay+4 Stlth+}
 69881 | Trove    | Identified the +11 dire flail of Paffuy {holy, rElec rC-
                  | rCorr Stlth+}
 69977 | Depths:1 | Bought shiny ice dragon scales for 3087 gold pieces
 70920 | Depths:4 | Killed Tiamat
 72066 | Zot:1    | Noticed an orb of fire
 72876 | Zot:2    | Noticed an orb of fire
 72902 | Zot:2    | Gained mutation: You are frail. (-10% HP) [an orb of fire]
 72908 | Zot:2    | Killed an orb of fire
 73425 | Zot:2    | Noticed an orb of fire
 73444 | Zot:2    | Killed an orb of fire
 74556 | Zot:4    | Learned a level 8 spell: Maxwell's Capacitive Coupling
 75091 | Zot:4    | Reached skill level 24 in Dodging
 75383 | Zot:5    | Entered Level 5 of the Realm of Zot
 76109 | Zot:5    | Noticed a dread lich
 76120 | Zot:5    | Killed a dread lich
 76149 | Zot:5    | Noticed an orb of fire
 76174 | Zot:5    | Killed an orb of fire
 76315 | Zot:5    | Noticed a dread lich
 76315 | Zot:5    | Noticed an ancient lich
 76327 | Zot:5    | Noticed a dread lich
 76328 | Zot:5    | Noticed a dread lich
 76334 | Zot:5    | Killed a dread lich
 76335 | Zot:5    | Gained mutation: You sometimes lose your temper in combat.
                  | [you]
 76336 | Zot:5    | Killed a dread lich
 76336 | Zot:5    | Noticed an orb of fire
 76348 | Zot:5    | Killed a dread lich
 76391 | Zot:5    | Killed an orb of fire
 76838 | Zot:5    | Killed an ancient lich
 76930 | Zot:5    | Got the Orb of Zot
 77232 | Depths:1 | Identified the +0 tower shield of Minean {Rampage rC+}
 77279 | D:15     | Reached skill level 25 in Dodging
 77472 | D:7      | Noticed a seraph
 77540 | D:$      | Escaped with the Orb!

Illustrated notes

Levels and vault maps discovered:
D:1:      mrwooster_arrival_statue, layout_rooms, serial_co_window_serial,
          co_window_cross_1, co_window_of_opportunity_a, co_window_paths_a,
          co_window_corner_a, co_window_paths_a, co_window_paths_a,
          co_window_paths_a, co_window_cross_3, co_window_2corner,
          co_window_of_opportunity_c, co_window_cross_2, co_window_corner_ca,
          co_window_broadway_b, co_window_paths_d, glass_columns_c,
          glass_columns_c, glass_columns_a, glass_columns_a,
          minmay_misc_feat_tiny, st_stairs_13
D:2:      layout_loops_ring
D:3:      layout_rooms, grunt_temple_overflow_open, lemuel_crystal_altar,
          basic_ecumenical_altar, minmay_cupped
D:4:      kennysheep_spiral_hall, layout_rooms, uniq_duvessa
D:5:      layout_loops_ring, mainiacjoe_overflow_catwalk,
          kennysheep_generic_room_10
D:6:      layout_basic, minmay_temple_entry_grid, minmay_stone_trees_small,
          minmay_puff
D:7:      layout_rooms, chequers_serial_rivers_large_a, uniq_maurice
D:8:      layout_rooms, uniq_prince_ribbit1
D:9:      layout_gridville, minmay_misc_feat_five,
          nicolae_shop_distant_corner_stores, st_stairs_12
D:10:     layout_loops_cross, mainiacjoe_overflow_concentric_impassable,
          orc_0_dummy, minmay_crystal_water
D:11:     layout_roguey, grunt_lair_entry_orc_guard_hut
D:12:     layout_rooms, nicolae_ru_great_annihilating_truth
D:13:     layout_rooms, hellmonk_vaults_keyhole, gauntlet_entry_generic,
          gammafunk_ghost_stat_death
D:14:     minmay_tri_stars, layout_irregular_city, serial_park_tiny_1
D:15:     hangedman_depths_entry_try_elsewhere_first, layout_basic,
          nicolae_qazlal_style_of_elements, hangedman_decor_riveting,
          minivault_5, drop_trap
Temple:   bh_familiar_temple
Lair:1:   layout_gridlike, minivault_25, lemuel_fruit_fields, grunt_megastairs_3
Lair:2:   layout_misc_corridors, nicolae_shoals_entry_roost
Lair:3:   layout_regular_city, nicolae_snake_entry_warm_welcome,
          infiniplex_staircase_pool_2, serial_bayou_shore_a
Lair:4:   layout_cave_pods, special_room [special_room_mythical_zoo]
Lair:5:   hangedman_lair_tendril_chambers, layout_loops_ring, wormcave,
          slime_entry_1, portal_ice_cave_demonic_guard,
          ebering_ghost_reflecting_pool, nicolae_quartered_pool_impasse,
          uniq_rupert
Shoals:1: layout_shoals, nicolae_shop_self_help
Shoals:2: layout_shoals, hangedman_shoal_volcano
Shoals:3: layout_shoals, nicolae_take_the_stairs, nicolae_shop_unique_rings,
          yaktaur_hedge
Shoals:4: shoals_end_simple, layout_shoals, nicolae_specific_store,
          nicolae_shoals_lost_giant_baths,
          nicolae_shoals_siren_and_animal_friends
Snake:1:  layout_onion, serial_shops, shop, nicolae_shop_dealshenge,
          nicolae_shop_pleasant_corner_grove, shop, uniq_aizul
Snake:2:  layout_misc_corridors, nicolae_triple_integral, uniq_agnes
Snake:3:  layout_gridlike, serial_bayou_pond_c, evilmike_ambush
          [evilmike_ambush_outer_corners, evilmike_ambush_inner_basic]
Snake:4:  minmay_snake_end_coiled, layout_cave_town, uniq_vashnia, uniq_louise,
          uniq_asterion, uniq_donald, uniq_mara
Slime:1:  layout_caves, special_room [special_room_jelly]
Slime:2:  layout_caves
Slime:3:  layout_caves, nicolae_slime_rock_hall_of_fame
Slime:4:  layout_caves, nicolae_slime_barrier
Slime:5:  slime_pit_nicolae_inversion
Orc:1:    layout_caves, minmay_orc_temple_c
Orc:2:    kennysheep_orc_mage_school, layout_diamond_mine, serial_shops, shop,
          uniq_snorg
Elf:1:    layout_geoelf_diagonals, gammafunk_ghost_ooze,
          nicolae_elf_blasts_and_bolts, moated_statue, uniq_jorgrun
Elf:2:    nicolae_elf_blades_crystal_corner, layout_geoelf_diagonals
Elf:3:    minmay_elf_hall_circle, layout_gridlike, basic_altar, drop_trap,
          hex_tiny
Vaults:1: nicolae_vaults_lightning_bolt, nicolae_vaults_diamond_1,
          v_alt_pattern_1, vaults_room_boxed, ontoclasm_vaults_loading_screen,
          ontoclasm_vaults_gallery, grunt_vaults_diagonal, v_alt_pattern_3,
          nicolae_vaults_house_1, nicolae_vaults_door_testing_chamber,
          vaults_mumra_chevron, layout_vaults_omnibox, serial_shops,
          nicolae_shop_back_alley_shop
Vaults:2: nicolae_vaults_trapezoid_lopsided_3, nicolae_vaults_angled_halls,
          hangedman_vaults_river_flow, nicolae_vaults_ninety_degrees,
          serial_library_hellmonk_reading_circle, v_alt_pattern_4,
          dpeg_vaults_monster_box, ontoclasm_vaults_eye,
          nicolae_vaults_wrenched, nicolae_vaults_tetromino_L_2,
          serial_library_hellmonk_semicircle, ontoclasm_vaults_gateway,
          hangedman_vaults_slice, layout_vaults_omnicross, serial_shops, shop,
          shop, shop, nicolae_shop_behind_doors
Vaults:3: nicolae_vaults_turnstiles, hangedman_surveillance_ring,
          minmay_crypt_entry_simple_plaza, ontoclasm_vaults_chip, v_misc_31,
          nicolae_vaults_windows_and_doors_thing,
          nicolae_vaults_stairing_the_circle, vaults_dpeg_hooks,
          nicolae_vaults_double_plus_2, nicolae_vaults_three_branches,
          nicolae_vaults_tetromino_T_1, vaults_dpeg_ring,
          layout_vaults_big_room, uniq_frederick, uniq_saint_roka, uniq_norris
Vaults:4: portal_desolation_entry_twin_temple, nicolae_vaults_mitosis,
          st_spiral_rooms, vaults_room_pools, hangedman_vaults_unwind,
          nicolae_vaults_trapezoid_layered,
          nicolae_vaults_offset_grid_hallway_1, nicolae_vaults_house_3,
          vaults_room_hallway, nicolae_vaults_storage_closets_3,
          nicolae_vaults_what_the_h, layout_vaults_maze_bifur
Vaults:5
Crypt:1:  layout_misc_corridors, basic_altar, glass_columns_a,
          grunt_crypt_arrival_split
Crypt:2:  layout_rooms, grunt_megastairs_4
Crypt:3:  grunt_crypt_end_deaths_head, uniq_josephina, uniq_khufu
Depths:1: layout_roguey, enter_trove_0, fiery_altar_vehumet, abyss_entry,
          pf_vacation_house_of_asmodeus, bloody_trog,
          roderic_lattice_octagonal_star, minmay_shop_star
Depths:2: nicolae_BIG_FREAKIN_CUBE, layout_cross, enter_ziggurat_d, abyss_entry,
          pan_entry, nicolae_uskayaw_dance_hall, hell_entry
Depths:3: dreamdust_hydra_shepherd, layout_basic, abyss_entry,
          rand_demon_pan_entry_8, ebering_ghost_xom, hangedman_coc_ice_floe,
          infiniplex_staircase_pillars_2, uniq_vv
Depths:4: grunt_zot_entry_pinwheel, layout_basic, hell_entry, grunt_megastairs_2
Hell
Zot:1:    layout_cathedral_of_symmetry, st_small_dragon_hoard_4, nrook_zot_tub,
          uniq_tiamat
Zot:2:    layout_basic, regret_index_zotdec_gossamer_gf, grunt_megastairs_1
Zot:3:    layout_misc_corridors
Zot:4:    layout_concentric_octagons, regret_index_zotdec_banners,
          lemuel_elevator
Zot:5:    layout_cathedral_of_symmetry

Skill      XL: |  1  2  3  4  5  6  7  8  9 10 11 12 13 14 15 16 17 18 19 20 21 22 23 24 25 26 27 |
---------------+----------------------------------------------------------------------------------+-----
Conjurations   | 2 3 4 5 6 7 8 9 10 11 12 13 14 15 16 17 | 17.5
Spellcasting   | 5 6 7 8 9 10 11 12 13 14 15 16 17 18 19 20 | 20.8
Invocations    | 1 2 3 4 5 6 7 8 9 11 12 13 14 15 16 17 18 19 20 22 | 22.0
Fighting       | 1 2 3 5 6 7 8 9 10 11 12 13 14 15 16 17 18 20 | 20.3
Short Blades   | 1 2 3 5 6 7 8 9 10 11 12 13 14 15 16 17 18 20 | 20.3
Long Blades    | 1 2 3 5 6 7 8 9 10 11 12 13 14 15 16 17 18 21 | 21.8
Axes           | 1 2 3 5 6 7 8 9 10 11 12 13 14 15 16 17 18 20 | 20.3
Maces & Flails | 1 2 3 5 6 7 8 9 10 11 12 13 14 15 16 17 18 20 | 20.3
Polearms       | 1 2 3 5 6 7 8 9 10 11 12 13 14 15 16 17 18 20 | 20.3
Staves         | 1 2 3 5 6 7 8 9 10 11 12 13 14 15 16 17 18 20 | 20.3
Ranged Weapons | 1 2 3 5 6 7 8 9 10 11 12 13 14 15 16 17 18 20 | 20.3
Throwing       | 1 2 3 5 6 7 8 9 10 11 12 13 14 15 16 17 18 20 | 20.3
Armour         | 1 2 3 5 6 7 8 9 10 11 12 13 14 15 16 17 18 20 | 20.3
Shields        | 1 2 3 5 6 7 8 9 10 11 12 13 14 15 16 17 18 20 | 20.3
Unarmed Combat | 1 2 3 5 6 7 8 9 10 11 12 13 15 16 17 18 19 20 21 24 | 24.6
Evocations     | 1 2 3 5 6 7 8 9 10 11 12 13 14 15 16 17 18 20 | 20.3
Shapeshifting  | 1 2 3 4 5 6 7 8 9 10 11 12 13 14 15 16 17 18 | 18.8
Hexes          | 1 2 3 4 5 6 7 8 9 10 11 12 13 14 15 17 | 17.4
Summonings     | 1 2 3 4 5 6 7 8 9 10 11 12 13 14 15 17 | 17.4
Necromancy     | 1 2 3 4 5 6 7 8 9 10 11 12 13 14 15 17 | 17.4
Translocations | 1 2 3 4 5 6 7 8 9 10 11 12 13 14 15 17 | 17.4
Fire Magic     | 1 2 3 4 5 6 7 8 9 10 11 12 13 14 15 17 | 17.4
Ice Magic      | 1 2 3 4 5 6 7 8 9 10 11 12 13 14 15 17 | 17.4
Air Magic      | 1 2 3 4 5 6 7 8 9 10 11 12 13 14 15 17 | 17.4
Earth Magic    | 1 2 3 4 5 6 7 8 9 10 11 12 13 14 15 17 | 17.4
Dodging        | 5 6 7 8 9 10 11 12 13 14 15 16 18 19 20 21 22 25 | 25.0
Stealth        | 5 6 7 8 9 10 11 12 13 14 15 16 17 18 19 20 | 20.7
Alchemy        | 6 7 8 9 10 11 12 13 14 15 16 18 | 18.1

Action                     |  1- 3 |  4- 6 |  7- 9 | 10-12 | 13-15 | 16-18 | 19-21 | 22-24 | 25-27 || total
---------------------------+-------+-------+-------+-------+-------+-------+-------+-------+-------++-------
  Melee: Staff             |       |     4 |    43 |     2 |       |       |       |       |       ||    49
         Dagger            |       |     8 |     6 |       |       |       |       |       |       ||    14
         Bite              |       |     1 |     8 |    10 |     6 |       |       |     1 |   116 ||   142
         Punch             |       |       |     1 |     1 |       |       |       |       |       ||     2
         Short sword       |       |       |       |   101 |    21 |       |       |       |       ||   122
         Hand axe          |       |       |       |       |    10 |       |       |       |       ||    10
         Demon whip        |       |       |       |       |       |       |    13 |       |       ||    13
         Unarmed           |       |       |       |       |       |       |       |     7 |       ||     7
         Greatsling        |       |       |       |       |       |       |       |     4 |     3 ||     7
         Morningstar       |       |       |       |       |       |       |       |       |   507 ||   507
   Fire: Greatsling        |       |       |       |   181 |  1191 |  1338 |  1293 |  1364 |  2332 ||  7699
         Hand cannon       |       |       |       |       |       |       |       |    73 |    32 ||   105
   Cast: Sting             |    60 |    83 |   196 |    70 |     3 |       |       |       |       ||   412
         Olgreb's Toxic Ra |       |     2 |    10 |    40 |    44 |    65 |    39 |    80 |    45 ||   325
         Mephitic Cloud    |       |     2 |     9 |    25 |    27 |     7 |     4 |    17 |    15 ||   106
         Summon Forest     |       |       |       |     3 |     3 |     2 |     4 |     1 |     2 ||    15
         Yara's Violent Un |       |       |       |       |    12 |    41 |    67 |    40 |    45 ||   205
         Summon Mana Viper |       |       |       |       |     2 |       |     9 |     1 |     6 ||    18
         Passwall          |       |       |       |       |     2 |       |       |       |       ||     2
         Borgnjor's Vile C |       |       |       |       |     7 |    15 |     4 |    17 |    19 ||    62
         Swiftness         |       |       |       |       |       |     1 |       |     1 |     1 ||     3
         Death Channel     |       |       |       |       |       |     8 |    17 |    12 |    28 ||    65
         Blink             |       |       |       |       |       |       |     2 |     1 |     3 ||     6
         Arcjolt           |       |       |       |       |       |       |    12 |     3 |     5 ||    20
         Ignite Poison     |       |       |       |       |       |       |     3 |    60 |    29 ||    92
         Enfeeble          |       |       |       |       |       |       |       |     2 |    31 ||    33
         Irradiate         |       |       |       |       |       |       |       |       |    25 ||    25
         Maxwell's Capacit |       |       |       |       |       |       |       |       |     4 ||     4
         Ozocubu's Refrige |       |       |       |       |       |       |       |       |     3 ||     3
 Invoke: Potion Petition   |       |       |       |     1 |       |     1 |       |     2 |     4 ||     8
         Call Merchant     |       |       |       |       |     3 |     2 |     1 |       |     3 ||     9
  Evoke: Wand              |       |       |     1 |    12 |     3 |     1 |    17 |     3 |    17 ||    54
         Phial of floods   |       |       |       |       |       |       |     2 |       |       ||     2
         Phantom mirror    |       |       |       |       |       |       |     1 |     1 |     3 ||     5
         Lightning rod     |       |       |       |       |       |       |     1 |     1 |     5 ||     7
    Use: Scroll            |     4 |       |       |    16 |    15 |     2 |     3 |    12 |    22 ||    74
         Potion            |       |     1 |       |     4 |       |     5 |     1 |     7 |    11 ||    29
   Stab: Confused          |       |     2 |     1 |     4 |     4 |       |       |       |       ||    11
         Sleeping          |       |       |       |     7 |       |       |       |     1 |     2 ||    10
         Distracted        |       |       |       |       |     2 |       |       |       |    15 ||    17
 Armour: Robe              |     9 |    17 |   111 |   121 |    13 |       |       |       |       ||   271
         Chain mail        |       |       |       |       |    47 |       |   259 |   153 |       ||   459
         Ring mail         |       |       |       |       |    66 |       |       |       |       ||    66
         Leather armour    |       |       |       |       |   131 |   394 |   173 |   240 |   233 ||  1171
         Skin              |       |       |       |       |    29 |       |       |       |       ||    29
         Quicksilver drago |       |       |       |       |       |       |       |       |   282 ||   282
         Ice dragon scales |       |       |       |       |       |       |       |       |   391 ||   391
  Dodge: Dodged            |    15 |    22 |   110 |   100 |   303 |   551 |   399 |   428 |  1103 ||  3031
         Repelled          |       |       |       |       |       |    20 |    29 |    17 |    42 ||   108
  Block: Buckler           |       |       |       |    27 |   105 |       |       |       |       ||   132
         Kite shield       |       |       |       |       |   140 |   600 |   539 |   473 |  1475 ||  3227
         Reflection        |       |       |       |       |       |       |       |       |    24 ||    24
         Form:             |       |       |       |       |     1 |       |       |       |       ||     1
         Serpent           |       |       |       |       |     1 |       |       |       |       ||     1

Table legend: (Time is in decaauts)
 A = Elapsed time spent in this place.
 B = Non-inter-level travel time spent in this place.
 C = Inter-level travel time spent in this place.
 D = Time resting spent in this place.
 E = Time spent auto-exploring this place.
 F = Levels seen in this place.
 G = Mean time per level.
                   A        B        C        D        E       F      G
               +--------+--------+--------+--------+--------+-----+--------+
         Total |  76606 |  68681 |   7925 |   4197 |  45208 |  65 | 1178.6 |
       Dungeon |  17965 |  15214 |   2751 |    320 |  12018 |  15 | 1197.7 |
        Temple |      1 |      1 |      0 |      0 |      0 |   1 |    1.0 |
          Lair |   7494 |   6269 |   1225 |    243 |   4471 |   5 | 1498.8 |
        Shoals |   4984 |   4768 |    216 |    402 |   3313 |   4 | 1246.0 |
     Snake Pit |   4602 |   4211 |    391 |     13 |   2665 |   4 | 1150.5 |
    Slime Pits |   2198 |   2131 |     67 |    454 |    617 |   5 |  439.6 |
  Orcish Mines |   2683 |   2494 |    189 |    102 |   1847 |   2 | 1341.5 |
   Elven Halls |   4317 |   3937 |    380 |    236 |   2676 |   3 | 1439.0 |
        Vaults |   9202 |   8070 |   1132 |    508 |   5237 |   5 | 1840.4 |
         Crypt |   3358 |   3212 |    146 |      0 |   2093 |   3 | 1119.3 |
        Depths |   7591 |   6434 |   1157 |    736 |   3941 |   4 | 1897.8 |
          Hell |     97 |     97 |      0 |      0 |      0 |   1 |   97.0 |
           Zot |   5990 |   5723 |    267 |    174 |   4006 |   5 | 1198.0 |
   Pandemonium |   2728 |   2728 |      0 |    457 |   1137 |   4 |  682.0 |
         Trove |     72 |     72 |      0 |      0 |      0 |   1 |   72.0 |
      Ice Cave |   1390 |   1390 |      0 |    513 |    589 |   1 | 1390.0 |
    Desolation |   1129 |   1129 |      0 |     27 |    555 |   1 | 1129.0 |
      Gauntlet |    799 |    799 |      0 |     10 |     42 |   1 |  799.0 |
               +--------+--------+--------+--------+--------+-----+--------+

Top non-repeatable levels by time:
Depths:4: 2812 daAuts
Vaults:3: 2352 daAuts
Depths:1: 2351 daAuts
  Lair:5: 2114 daAuts
   Elf:3: 1814 daAuts
Vaults:4: 1813 daAuts
     D:9: 1769 daAuts
Vaults:1: 1722 daAuts
    D:14: 1716 daAuts
   Orc:2: 1698 daAuts
Vaults:2: 1680 daAuts
Vaults:5: 1633 daAuts
 Snake:4: 1603 daAuts
 Crypt:3: 1586 daAuts
  Lair:3: 1575 daAuts
